 Dungeon Crawl Stone Soup version 0.27-a0-295-ge1136d6ca4 (webtiles) character file.

Game seed: 5072864609007048947

5938 supsnack the Basher (level 11, -1/72 HPs)
             Began as a Human Gladiator on Feb 10, 2021.
             Slain by an orc knight
             ... wielding a +0 halberd
              (20 damage)
             ... in a bailey.
             The game lasted 00:54:54 (11386 turns).

supsnack the Basher (Human Gladiator)              Turns: 11386, Time: 00:54:55

Health: -1/72      AC: 12    Str: 16    XL:     11   Next: 9%
Magic:  21/21      EV: 11    Int: 15    God:
Gold:   951        SH:  0    Dex: 16    Spells: 22/24 levels left

rFire    + . .     SeeInvis .   r - +0 dire flail
rCold    . . .     Faith    .   (shield currently unavailable)
rNeg     . . .     Spirit   .   e - +0 scale mail
rPois    .         Reflect  .   c - +1 helmet
rElec    .         Harm     .   d - +1 cloak
rCorr    .         Rampage  .   I - +1 pair of gloves
Will     .....                  (no boots)
Stlth    ..........             (no amulet)
HPRegen  0.22/turn              h - +6 ring of intelligence
MPRegen  0.17/turn              w - ring of protection from fire

@: about to teleport
A: no striking features
a: no special abilities


You were in a bailey.
You visited 2 branches of the dungeon, and saw 11 of its levels.
You also visited: Bailey.

You collected 951 gold pieces.

Inventory:

Hand Weapons
 k - the +5 arbalest "Yhiofeci" {elec, rF+}
   (You found it in a bailey)

   It charges the ammunition it shoots with electricity; occasionally upon a
   hit, such missiles may discharge and cause terrible harm.
   It protects you from fire.
 r - a +0 dire flail (weapon)
 s - a +0 flail of draining
Missiles
 j - 63 bolts
 l - 2 silver javelins
 n - 7 javelins
 t - 2 throwing nets (quivered)
Armour
 c - a +1 helmet (worn)
 d - a +1 cloak (worn)
 e - a +0 scale mail (worn)
 o - a +0 buckler
 I - a +1 pair of gloves (worn)
Jewellery
 h - a +6 ring of intelligence (left hand)
 w - a ring of protection from fire (right hand)
Wands
 D - a wand of digging (5)
 G - a wand of charming (7)
 J - a wand of acid (13)
Scrolls
 f - a scroll of amnesia
 m - a scroll of teleportation
 v - 2 scrolls of enchant weapon {unknown}
 y - a scroll of immolation {unknown}
 B - a scroll of fear {unknown}
 F - a scroll of random uselessness {unknown}
 K - a scroll of summoning {unknown}
 L - a scroll of blinking {unknown}
 M - a scroll of remove curse
Potions
 a - a potion of berserk rage
 g - 4 potions of brilliance
 i - a potion of magic
 x - 2 potions of might
 z - a potion of flight
 A - a potion of lignification
 C - 3 potions of cancellation {unknown}
 E - a potion of curing
 H - a potion of attraction {unknown}


   Skills:
 - Level 2.0 Fighting
 * Level 12.8 Maces & Flails
 - Level 2.0 Throwing
 - Level 0.1 Armour
 - Level 3.2 Dodging
 - Level 4.0 Shields
 + Level 7.3 Spellcasting
 + Level 1.7 Poison Magic


You had 22 spell levels left.
You knew the following spells:

 Your Spells              Type           Power        Failure   Level
a - Poisonous Vapours     Pois/Air       16%          45%         2

Your spell library contained the following spells:

 Spells                   Type           Power        Failure   Level
 Sting                    Tmut/Pois      32%          34%         1
 Ignite Poison            Fire/Tmut/Pois 7%           75%         3
 Mephitic Cloud           Conj/Pois/Air  7%           75%         3
 Olgreb's Toxic Radiance  Pois           10%          93%         4


Dungeon Overview and Level Annotations

Branches:
Dungeon (10/15)            Temple (1/1) D:4            Lair (0/6) D:8
    Orc (0/2) D:10         Bailey (1/1)

Altars:
Ashenzari
Cheibriados
Dithmenos
Elyvilon
Fedhas
Gozag
Hepliaklqana
Makhleb
Nemelex Xobeh
Okawaru
Qazlal
Ru
Sif Muna
Trog
Uskayaw
Vehumet
Wu Jian
Xom
Yredelemnul
Zin
The Shining One

Shops:
D:5 (   D:8 [(   D:9 (   D:10 (

Annotations:
D:9 2 transporters, zx48k's ghost, novice HOFi


Message History

There is an open door here.
n - 4 javelins (gained 1)
n - 5 javelins (gained 1)
n - 7 javelins (gained 2)
You open the door.
An orc and an orc knight come into view.
The orc shouts!
The orc knight shouts!
You hear a shout!
The orc knight roars a battlecry!
The orc goes into a battle-frenzy!
Found 341 gold pieces.
An orc warrior comes into view. It is wielding a +0 halberd.
Fire: 65 bolts
Press: ? - help, Q - select action, (/) - cycle Shift-Dir - straight line, f - orc knight
Aim: an orc knight, wielding a +0 halberd and wearing a cursed +0 scale mail (60% to hit)
You shoot a bolt. The bolt hits the orc.
The orc is severely wounded.
Fire: 64 bolts
Press: ? - help, Q - select action, (/) - cycle Shift-Dir - straight line, f/p - orc knight
Aim: an orc knight, wielding a +0 halberd and wearing a cursed +0 scale mail (60% to hit)
You shoot a bolt. The bolt closely misses the orc knight.
The bolt hits the orc warrior!
The orc warrior is heavily wounded.
The +5 arbalest "Yhiofeci" {elec, rF+} stops crackling.
r - a +0 dire flail (weapon)
The orc knight hits you from afar with a +0 halberd!
The orc warrior closely misses you.
The orc knight hits you with a +0 halberd.
You barely miss the orc knight.
The orc warrior hits you from afar with a +0 halberd!!
You closely miss the orc knight.
The orc knight hits you but does no damage.
You hit the orc knight.
The orc knight is lightly wounded.
The orc warrior hits you from afar with a +0 halberd!
* * * LOW HITPOINT WARNING * * *
As you read the scroll of teleportation, it crumbles to dust.
You feel strangely unstable.
The orc no longer looks unusually strong.
The orc knight hits you with a +0 halberd!!
You die...

### ##########∩#########
##.....##...##..@oo##
#..≈≈≈..#...#..≈≈≈o.#
#.≈≈(≈≈.......≈≈.≈≈(#
'.≈.∩)≈.......≈)∩(≈.'...#
#.≈≈.≈≈.)))[).≈≈)≈≈.#...#
#..≈≈≈..#)..#..≈≈≈..#..$#
##.....##.∩.##.....## ..#
##########∩######### o##
### #


You could see an orc knight, an orc warrior (strong) and an orc.

Vanquished Creatures
  2 orc knights (Bailey)
  Prince Ribbit (D:5)
  Sigmund (D:3)
  5 wyverns
  3 yaks (D:8)
  A basilisk (D:8)
  Menkaure (D:5)
  6 water moccasins
  A sky beast (D:9)
  An ice beast (D:9)
  7 orc warriors (Bailey)
  A black bear (D:6)
  An ogre (D:8)
  5 centaurs
  Blork the orc (D:5)
  2 bullfrogs
  A wyvern skeleton (D:10)
  3 scorpions
  3 wights (D:2)
  2 jellies
  3 hounds
  An orc priest (D:6)
  Crazy Yiuf (D:3)
  3 iguanas
  5 orc wizards
  6 worker ants
  A howler monkey skeleton (D:8)
  6 adders
  A shadow imp (D:6)
  3 white imps
  An ufetubus (D:4)
  An ooze (D:1)
  An adder skeleton (D:7)
  2 worms
  2 leopard geckos (D:5)
  33 orcs
  12 bats
  9 giant cockroaches
  14 goblins
  12 hobgoblins
  3 jackals (D:1)
  3 quokkas
  A ball python (D:2)
  A ball python skeleton (D:6)
  4 frilled lizards
  10 kobolds
  A leopard gecko skeleton (D:5)
  A quokka zombie (D:10)
  6 rats
195 creatures vanquished.

Vanquished Creatures (others)
  An orc wizard (D:8)
  4 fungi (D:8)
  43 plants
48 creatures vanquished.

Grand Total: 243 creatures vanquished

Notes
Turn   | Place    | Note
-------+----------+-------------------------------------------
     0 | D:1      | supsnack the Human Gladiator began the quest for the Orb.
     0 | D:1      | Reached XP level 1. HP: 16/16 MP: 1/1
    63 | D:1      | Reached XP level 2. HP: 10/22 MP: 2/2
   445 | D:1      | Reached XP level 3. HP: 21/27 MP: 3/3
   725 | D:1      | Reached skill level 4 in Maces & Flails
  1348 | D:2      | Reached XP level 4. HP: 33/33 MP: 4/4
  1515 | D:2      | Reached skill level 1 in Shields
  1921 | D:3      | Noticed Sigmund
  2147 | D:2      | Reached XP level 5. HP: 34/38 MP: 5/5
  2181 | D:2      | Reached skill level 5 in Maces & Flails
  2181 | D:2      | Reached XP level 6. HP: 15/44 MP: 6/6
  3026 | D:3      | Killed Sigmund
  3027 | D:3      | Reached skill level 6 in Maces & Flails
  3027 | D:3      | Reached XP level 7. HP: 13/50 MP: 7/7
  3497 | D:3      | Found a runed translucent door.
  3498 | D:3      | Noticed Crazy Yiuf
  3554 | D:3      | Killed Crazy Yiuf
  3673 | D:4      | Found a staircase to the Ecumenical Temple.
  3688 | Temple   | Entered the Ecumenical Temple
  4077 | D:4      | Noticed a +0 dagger
  4078 | D:4      | Found a hide-covered altar of Uskayaw.
  4079 | D:4      | Noticed a +0 dagger
  4446 | D:5      | Entered Level 5 of the Dungeon
  4455 | D:5      | Reached skill level 1 in Spellcasting
  4553 | D:5      | Found Sajeofef's Weapon Emporium.
  4566 | D:5      | Reached skill level 7 in Maces & Flails
  4645 | D:5      | Noticed Prince Ribbit
  4660 | D:5      | Killed Prince Ribbit
  4661 | D:5      | Reached XP level 8. HP: 19/56 MP: 8/11
  4908 | D:5      | Noticed Menkaure
  4911 | D:5      | Killed Menkaure
  4912 | D:5      | Reached skill level 8 in Maces & Flails
  5026 | D:5      | Noticed Blork the orc
  5257 | D:5      | Killed Blork the orc
  5647 | D:6      | Reached skill level 9 in Maces & Flails
  5647 | D:6      | Reached XP level 9. HP: 24/61 MP: 12/14
  6699 | D:6      | Found a broken altar of Ashenzari.
  7576 | D:8      | Reached skill level 10 in Maces & Flails
  7621 | D:8      | Reached skill level 5 in Spellcasting
  7700 | D:8      | Reached XP level 10. HP: 15/67 MP: 16/18
  8001 | D:8      | Reached skill level 11 in Maces & Flails
  8725 | D:8      | Found Richius's Armour Boutique.
  8814 | D:8      | Found a staircase to the Lair.
  8852 | D:8      | Found Yreehigo's Weapon Shoppe.
  9493 | D:9      | Noticed a moth of wrath
  9611 | D:9      | Found a snail-covered altar of Cheibriados.
  9934 | D:9      | Found a transporter.
  9939 | D:9      | Noticed zx48k's ghost (novice HOFi)
  9939 | D:9      | Noticed a cyclops
  9940 | D:9      | Noticed a two-headed ogre
  9941 | D:9      | Found a bloodstained altar of Trog.
  9942 | D:9      | Identified the +7 demon whip "Nyifi" {antimagic, Dex+2}
  9942 | D:9      | Noticed an orc knight
  9966 | D:9      | Found a transporter.
 10007 | D:9      | Reached skill level 12 in Maces & Flails
 10175 | D:9      | Found an iron altar of Okawaru.
 10175 | D:9      | Found a shimmering altar of Xom.
 10539 | D:9      | Found Acibiur's Weapon Boutique.
 10594 | D:10     | Entered Level 10 of the Dungeon
 10664 | D:10     | Found Zifro's Weapon Shop.
 10705 | D:10     | Found a flagged portal.
 10713 | Bailey   | Entered a bailey
 10720 | Bailey   | Noticed an orc knight
 10735 | Bailey   | HP: 2/67 [orc warrior/bolt (16)]
 10807 | Bailey   | Noticed an orc knight
 10821 | Bailey   | Killed an orc knight
 11175 | Bailey   | Learned a level 2 spell: Poisonous Vapours
 11297 | Bailey   | Killed an orc knight
 11298 | Bailey   | Reached skill level 1 in Poison Magic
 11298 | Bailey   | Reached XP level 11. HP: 59/72 MP: 21/21
 11337 | Bailey   | Got a scorched arbalest
 11344 | Bailey   | Identified the +5 arbalest "Yhiofeci" {elec, rF+} (You
                  | found it in a bailey)
 11374 | Bailey   | Noticed an orc knight
 11386 | Bailey   | Slain by an orc knight

Illustrated notes

Levels and vault maps discovered:
D:1:      mrwooster_arrival_statue_2, layout_loops_ring, minmay_hexomino_p4
D:2:      minmay_recursive_quarters, layout_rooms
D:3:      layout_basic, uniq_sigmund, uniq_crazy_yiuf_cottage
D:4:      layout_rooms, dancing_weapons_uskayaw,
          minmay_temple_entry_drinking_statues, serial_bayou_lagoon_a
D:5:      layout_basic, serial_shops, shop, uniq_blork_the_orc, uniq_menkaure,
          uniq_prince_ribbit1
D:6:      layout_layer_cave, lemuel_round_altar
D:7:      layout_gridville, kiku_gazebo_garden_becter, basic_altar,
          nicolae_gozag_seed_capital
D:8:      layout_loops_ring, minmay_lair_entry_grove, serial_shops,
          kennysheep_mini, shop
D:9:      layout_cave_pods, gammafunk_temple_overflow_pools, old_standard_altar,
          gammafunk_ghost_wrathful_warriors, serial_shops, kennysheep_little_box
D:10:     layout_loops_corners, orc_0_dummy, enter_bailey_2, serial_shops, shop,
          kennysheep_dice
Temple:   nicolae_temple_elliptical
Bailey:   bailey_polearm_4, bailey

Skill      XL: |  1  2  3  4  5  6  7  8  9 10 |
---------------+-------------------------------+-----
Maces & Flails | 4 5 6 7 9 10 12 | 12.8
Shields        | 2 3 4 |  4.0
Spellcasting   | 2 3 5 7 |  7.3
Poison Magic   | 1 |  1.7
Fighting       | |  2.0
Throwing       | |  2.0
Armour         | |  0.1
Dodging        | |  3.2

Action                   |  1- 3 |  4- 6 |  7- 9 | 10-12 || total
-------------------------+-------+-------+-------+-------++-------
Melee: Flail             |   123 |   212 |   297 |   209 ||   841
       Dire flail        |       |       |       |     3 ||     3
 Fire: Arbalest          |       |       |       |    49 ||    49
Throw: Throwing net      |       |     3 |     2 |     2 ||     7
       Javelin           |       |       |    11 |     9 ||    20
Evoke: Wand              |       |       |       |     9 ||     9
  Use: Scroll            |     3 |     5 |     7 |     5 ||    20
       Potion            |       |     4 |     3 |     6 ||    13
 Stab: Held in net/web   |       |       |       |     1 ||     1
Armor: Leather armour    |    16 |       |       |       ||    16
       Scale mail        |    54 |    80 |   109 |    46 ||   289
       Skin              |       |       |       |    17 ||    17
Dodge: Dodged            |    86 |    91 |   161 |    91 ||   429
Block: Buckler           |       |    46 |    80 |    57 ||   183

Table legend: (Time is in decaauts)
 A = Elapsed time spent in this place.
 B = Non-inter-level travel time spent in this place.
 C = Inter-level travel time spent in this place.
 D = Time resting spent in this place.
 E = Time spent auto-exploring this place.
 F = Levels seen in this place.
 G = Mean time per level.
                   A        B        C        D        E       F      G
               +--------+--------+--------+--------+--------+-----+--------+
         Total |  11437 |  10983 |    454 |   3680 |   4795 |  12 |  953.1 |
       Dungeon |  10478 |  10046 |    432 |   3258 |   4606 |  10 | 1047.8 |
        Temple |    256 |    234 |     22 |      0 |    164 |   1 |  256.0 |
        Bailey |    702 |    702 |      0 |    421 |     25 |   1 |  702.0 |
               +--------+--------+--------+--------+--------+-----+--------+

Top non-repeatable levels by time:
     D:8: 1937 daAuts
     D:1: 1339 daAuts
     D:6: 1335 daAuts
     D:3: 1297 daAuts
     D:5: 1180 daAuts
     D:9: 1109 daAuts
     D:2: 1029 daAuts
  Bailey: 702 daAuts
     D:4: 586 daAuts
     D:7: 547 daAuts
  Temple: 256 daAuts
    D:10: 116 daAuts
